[ AOE2 MATCH · #505858426 ]
UnrankedChinese vs Incas
Player's team · WIN
Rival team · LOSS
[ REPLAY ANALYSIS · EXTRACTED FROM THE RECORDED GAME ]
Feudal
9:28
Castle
30:18
Imperial
42:32
| APM avg | 42.1 |
| APM peak | 92 |
| eAPM avg | 21.4 |
| Villagers / military | 130 / 77 |
Focus
⚔️ 33.4% · 🌾 66.6%
Archer ×36 · Chu Ko Nu ×20 · Skirmisher ×8 · Militia ×5 · Iron Pagoda ×4 · Scorpion ×2
Feudal
9:52
Castle
29:01
Imperial
—
| APM avg | 50.5 |
| APM peak | 133 |
| eAPM avg | 22.6 |
| Villagers / military | 62 / 41 |
Focus
⚔️ 34.2% · 🌾 65.8%
Unknown (2550) ×27 · Archer ×13 · Skirmisher ×13 · Mangonel ×6 · Kamayuk ×3 · Scorpion ×3
Match map
Initial resources + every placement click. Lines = walls · curves = elevation contours. ◆ gold · ⬟ stone · ● berries · ✦ relic · ◌ wall gap
Your base· ✓ Closed at 30:18 · 49t walls · 2 gate(s)
_\/_'s base· Open — opponent sealed themselves in
Smoothed initial terrain · ◌ = detected wall gap · hover for details
Inputs per minute
— Combi | Papin - - _\/_
Build order — Combi | Papin
First 150 of 352 actions detected
| 0:02 | Research | Loom |
| 0:02 | Research | Loom |
| 0:45 | Queue | Villager (Male) |
| 0:45 | Queue | Villager (Male) |
| 1:44 | Queue | Villager (Male) |
| 1:44 | Queue | Villager (Male) |
| 2:10 | Queue | Villager (Male) |
| 2:10 | Queue | Villager (Male) |
| 2:14 | Build | Lumber Camp |
| 2:25 | Queue | Villager (Male) |
| 2:55 | Queue | Villager (Male) |
| 3:36 | Queue | Villager (Male) |
| 3:36 | Queue | Villager (Male) |
| 3:42 | Queue | Villager (Male) |
| 3:42 | Queue | Villager (Male) |
| 3:47 | Build | House |
| 4:25 | Queue | Villager (Male) |
| 4:25 | Queue | Villager (Male) |
| 4:26 | Queue | Villager (Male) |
| 4:26 | Queue | Villager (Male) |
| 5:29 | Queue | Villager (Male) |
| 5:49 | Build | Barracks |
| 5:59 | Queue | Villager (Male) |
| 6:24 | Queue | Villager (Male) |
| 6:52 | Build | House |
| 7:18 | Research | Feudal Age |
| 7:18 | Research | Feudal Age |
| 7:43 | Queue | Militia |
| 7:43 | Queue | Militia |
| 8:13 | Build | Mill |
| 8:15 | Queue | Militia |
| 8:38 | Queue | Militia |
| 8:38 | Queue | Militia |
| 9:03 | Queue | Villager (Male) |
| 9:26 | Build | Mining Camp |
| 9:28 | Age | Feudal Age |
| 9:32 | Research | Man-at-Arms (upgrade) |
| 9:32 | Research | Man-at-Arms (upgrade) |
| 9:54 | Build | Watch Tower |
| 10:13 | Queue | Villager (Male) |
| 10:14 | Queue | Villager (Male) |
| 10:27 | Build | Watch Tower |
| 10:58 | Build | Palisade Wall |
| 10:58 | Build | Palisade Wall |
| 10:59 | Build | Palisade Wall |
| 11:07 | Build | Farm |
| 11:22 | Build | Watch Tower |
| 11:34 | Build | House |
| 11:38 | Queue | Villager (Male) |
| 11:38 | Queue | Villager (Male) |
| 11:38 | Queue | Villager (Male) |
| 11:48 | Build | Palisade Wall |
| 11:50 | Build | Palisade Wall |
| 11:51 | Build | Palisade Wall |
| 12:20 | Build | House |
| 12:34 | Queue | Villager (Male) |
| 12:35 | Queue | Villager (Male) |
| 12:56 | Build | Watch Tower |
| 13:05 | Queue | Villager (Male) |
| 13:05 | Queue | Villager (Male) |
| 13:13 | Build | Mill |
| 14:00 | Queue | Villager (Male) |
| 14:00 | Queue | Villager (Male) |
| 14:12 | Build | Watch Tower |
| 14:14 | Queue | Villager (Male) |
| 14:14 | Queue | Villager (Male) |
| 14:32 | Build | Palisade Wall |
| 14:34 | Build | Palisade Wall |
| 14:40 | Build | House |
| 14:47 | Queue | Villager (Male) |
| 14:48 | Queue | Villager (Male) |
| 14:48 | Queue | Villager (Male) |
| 14:51 | Build | Farm |
| 15:15 | Build | Watch Tower |
| 15:20 | Queue | Villager (Male) |
| 15:21 | Queue | Villager (Male) |
| 15:34 | Build | Palisade Wall |
| 15:35 | Build | Palisade Wall |
| 15:45 | Build | Watch Tower |
| 16:01 | Queue | Villager (Male) |
| 16:07 | Build | Palisade Wall |
| 16:14 | Build | Palisade Wall |
| 17:02 | Queue | Villager (Male) |
| 17:02 | Queue | Villager (Male) |
| 17:08 | Build | Archery Range |
| 17:11 | Build | House |
| 17:15 | Build | Palisade Wall |
| 17:18 | Queue | Villager (Male) |
| 17:18 | Queue | Villager (Male) |
| 17:18 | Queue | Villager (Male) |
| 17:28 | Build | Palisade Wall |
| 17:29 | Build | Palisade Wall |
| 17:37 | Queue | Villager (Male) |
| 17:48 | Build | House |
| 17:50 | Build | Palisade Wall |
| 17:51 | Build | Palisade Wall |
| 18:09 | Queue | Villager (Male) |
| 18:19 | Queue | Villager (Male) |
| 18:26 | Build | Blacksmith |
| 18:46 | Queue | Villager (Male) |
| 18:58 | Queue | Villager (Male) |
| 19:06 | Research | Fletching |
| 19:14 | Queue | Skirmisher |
| 19:32 | Build | House |
| 19:43 | Queue | Skirmisher |
| 19:48 | Build | Palisade Wall |
| 19:50 | Build | Palisade Wall |
| 19:51 | Queue | Villager (Male) |
| 19:51 | Queue | Villager (Male) |
| 19:52 | Build | Farm |
| 19:56 | Build | Farm |
| 20:13 | Build | Watch Tower |
| 20:19 | Build | House |
| 20:21 | Queue | Skirmisher |
| 20:21 | Queue | Skirmisher |
| 20:25 | Build | House |
| 20:31 | Build | Gate |
| 20:34 | Build | House |
| 20:39 | Build | House |
| 20:47 | Build | House |
| 20:54 | Queue | Villager (Male) |
| 21:03 | Queue | Villager (Male) |
| 21:03 | Queue | Villager (Male) |
| 21:04 | Queue | Villager (Male) |
| 21:04 | Queue | Villager (Male) |
| 21:23 | Queue | Skirmisher |
| 21:23 | Queue | Skirmisher |
| 21:27 | Build | Palisade Wall |
| 21:33 | Queue | Villager (Male) |
| 21:34 | Queue | Villager (Male) |
| 21:53 | Queue | Villager (Male) |
| 21:58 | Queue | Skirmisher |
| 22:00 | Queue | Villager (Male) |
| 22:05 | Build | Farm |
| 22:24 | Build | Palisade Wall |
| 22:25 | Queue | Villager (Male) |
| 22:45 | Build | Market |
| 23:08 | Build | Farm |
| 23:14 | Build | Mining Camp |
| 23:15 | Queue | Skirmisher |
| 23:23 | Queue | Villager (Male) |
| 23:43 | Build | Watch Tower |
| 23:44 | Queue | Villager (Male) |
| 23:49 | Build | Farm |
| 23:58 | Queue | Villager (Male) |
| 23:59 | Build | Farm |
| 24:13 | Build | Palisade Gate |
| 24:17 | Queue | Archer |
| 24:22 | Build | Palisade Wall |
| 24:23 | Build | Palisade Wall |
Build order — _\/_
First 150 of 246 actions detected
| 0:02 | Build | House |
| 0:03 | Build | House |
| 0:04 | Queue | Villager (Male) |
| 0:05 | Queue | Villager (Male) |
| 0:08 | Queue | Villager (Male) |
| 0:19 | Queue | Villager (Male) |
| 1:32 | Queue | Villager (Male) |
| 1:33 | Queue | Villager (Male) |
| 1:56 | Build | Settlement |
| 2:01 | Queue | Villager (Male) |
| 2:01 | Queue | Villager (Male) |
| 2:25 | Queue | Villager (Male) |
| 2:54 | Queue | Villager (Male) |
| 2:54 | Queue | Villager (Male) |
| 3:08 | Queue | Villager (Male) |
| 3:35 | Build | Palisade Wall |
| 3:59 | Queue | Villager (Male) |
| 4:18 | Queue | Villager (Male) |
| 4:18 | Queue | Villager (Male) |
| 4:39 | Build | Settlement |
| 4:46 | Queue | Villager (Male) |
| 4:47 | Queue | Villager (Male) |
| 5:09 | Queue | Villager (Male) |
| 5:26 | Queue | Villager (Male) |
| 5:56 | Queue | Villager (Male) |
| 6:19 | Queue | Villager (Male) |
| 6:23 | Research | Loom |
| 6:48 | Build | Barracks |
| 7:42 | Research | Feudal Age |
| 8:09 | Queue | Unit 2550 |
| 8:09 | Queue | Unit 2550 |
| 8:20 | Build | Palisade Wall |
| 8:23 | Build | Palisade Wall |
| 8:25 | Build | Palisade Wall |
| 8:31 | Build | Palisade Wall |
| 8:41 | Queue | Unit 2550 |
| 8:41 | Queue | Unit 2550 |
| 9:04 | Build | Settlement |
| 9:52 | Age | Feudal Age |
| 9:57 | Queue | Villager (Male) |
| 10:00 | Research | Double-Bit Axe |
| 10:01 | Queue | Villager (Male) |
| 10:12 | Queue | Unit 2550 |
| 10:43 | Queue | Unit 2550 |
| 10:55 | Build | House |
| 11:18 | Queue | Villager (Male) |
| 11:26 | Build | Palisade Wall |
| 11:36 | Queue | Villager (Male) |
| 11:39 | Queue | Unit 2550 |
| 11:39 | Queue | Unit 2550 |
| 11:58 | Build | Watch Tower |
| 12:09 | Queue | Villager (Male) |
| 12:19 | Build | Farm |
| 12:22 | Build | House |
| 12:27 | Build | Palisade Wall |
| 12:31 | Build | Palisade Wall |
| 12:33 | Build | House |
| 12:39 | Build | Farm |
| 12:52 | Build | Farm |
| 12:55 | Build | Farm |
| 13:19 | Build | Farm |
| 13:21 | Build | Farm |
| 13:26 | Queue | Villager (Male) |
| 13:59 | Build | House |
| 14:08 | Queue | Villager (Male) |
| 14:24 | Build | Archery Range |
| 14:30 | Queue | Villager (Male) |
| 14:37 | Build | House |
| 14:40 | Queue | Villager (Male) |
| 15:03 | Build | Farm |
| 15:16 | Queue | Archer |
| 15:16 | Queue | Archer |
| 15:40 | Build | Palisade Wall |
| 15:42 | Build | Palisade Wall |
| 15:57 | Queue | Archer |
| 17:12 | Build | Settlement |
| 17:39 | Queue | Villager (Male) |
| 17:50 | Queue | Archer |
| 17:50 | Queue | Archer |
| 17:54 | Build | Blacksmith |
| 18:06 | Queue | Villager (Male) |
| 18:40 | Research | Fletching |
| 18:42 | Queue | Archer |
| 18:45 | Queue | Villager (Male) |
| 19:07 | Build | House |
| 19:14 | Queue | Villager (Male) |
| 19:39 | Queue | Archer |
| 19:49 | Queue | Villager (Male) |
| 19:58 | Build | Farm |
| 20:01 | Build | Farm |
| 20:04 | Build | Outpost |
| 20:10 | Build | Watch Tower |
| 20:16 | Queue | Skirmisher |
| 20:37 | Build | Palisade Wall |
| 20:39 | Build | Palisade Wall |
| 20:56 | Queue | Villager (Male) |
| 21:06 | Build | Settlement |
| 21:33 | Build | Farm |
| 21:34 | Build | Farm |
| 21:35 | Build | Farm |
| 21:55 | Queue | Villager (Male) |
| 22:15 | Build | Farm |
| 22:15 | Queue | Villager (Male) |
| 22:18 | Build | Farm |
| 22:21 | Build | Farm |
| 22:27 | Build | Farm |
| 22:56 | Queue | Villager (Male) |
| 22:56 | Queue | Villager (Male) |
| 22:56 | Queue | Villager (Male) |
| 23:14 | Queue | Villager (Male) |
| 23:27 | Build | Farm |
| 23:29 | Build | Farm |
| 23:30 | Build | Farm |
| 23:35 | Queue | Villager (Male) |
| 23:58 | Queue | Villager (Male) |
| 24:11 | Build | Settlement |
| 24:13 | Queue | Skirmisher |
| 24:24 | Queue | Villager (Male) |
| 24:37 | Build | Market |
| 25:08 | Queue | Villager (Male) |
| 25:24 | Research | Padded Archer Armor |
| 25:26 | Queue | Villager (Male) |
| 25:41 | Queue | Villager (Male) |
| 26:21 | Research | Castle Age |
| 26:40 | Queue | Unit 2550 |
| 26:40 | Queue | Unit 2550 |
| 27:14 | Build | Palisade Wall |
| 27:15 | Build | Palisade Wall |
| 27:16 | Build | Palisade Wall |
| 27:25 | Research | Forging |
| 27:32 | Build | Barracks |
| 27:36 | Build | Barracks |
| 27:52 | Queue | Skirmisher |
| 27:57 | Build | Farm |
| 28:17 | Queue | Unit 2550 |
| 28:17 | Queue | Unit 2550 |
| 28:17 | Queue | Unit 2550 |
| 28:21 | Queue | Unit 2550 |
| 28:21 | Queue | Unit 2550 |
| 28:29 | Queue | Unit 2550 |
| 28:29 | Queue | Unit 2550 |
| 28:57 | Build | House |
| 29:01 | Age | Castle Age |
| 29:07 | Build | Siege Workshop |
| 29:12 | Research | Squires |
| 29:14 | Queue | Villager (Male) |
| 29:20 | Research | Town Watch |
| 29:55 | Build | House |
| 29:56 | Queue | Scorpion |
| 30:03 | Research | Scale Mail Armor |
Match timeline
| 3:35 | _\/_ · wall_segment Palisade Wall x1 |
| 5:49 | Combi | Papin · first_building Barracks |
| 6:48 | _\/_ · first_building Barracks |
| 8:20 | _\/_ · wall_segment Palisade Wall x1 |
| 8:23 | _\/_ · wall_segment Palisade Wall x1 |
| 8:25 | _\/_ · wall_segment Palisade Wall x1 |
| 8:31 | _\/_ · wall_segment Palisade Wall x1 |
| 9:28 | Combi | Papin · age_up feudal |
| 9:52 | _\/_ · age_up feudal |
| 10:58 | Combi | Papin · wall_segment Palisade Wall x1 |
| 10:58 | Combi | Papin · wall_segment Palisade Wall x1 |
| 10:59 | Combi | Papin · wall_segment Palisade Wall x1 |
| 11:26 | _\/_ · wall_segment Palisade Wall x4 |
| 11:48 | Combi | Papin · wall_segment Palisade Wall x1 |
| 11:50 | Combi | Papin · wall_segment Palisade Wall x1 |
| 11:51 | Combi | Papin · wall_segment Palisade Wall x1 |
| 12:27 | _\/_ · wall_segment Palisade Wall x1 |
| 12:31 | _\/_ · wall_segment Palisade Wall x1 |
| 14:24 | _\/_ · first_building Archery Range |
| 14:32 | Combi | Papin · wall_segment Palisade Wall x1 |
| 14:34 | Combi | Papin · wall_segment Palisade Wall x1 |
| 15:34 | Combi | Papin · wall_segment Palisade Wall x1 |
| 15:35 | Combi | Papin · wall_segment Palisade Wall x1 |
| 15:40 | _\/_ · wall_segment Palisade Wall x1 |
| 15:42 | _\/_ · wall_segment Palisade Wall x1 |
| 16:07 | Combi | Papin · wall_segment Palisade Wall x1 |
| 16:14 | Combi | Papin · wall_segment Palisade Wall x1 |
| 17:08 | Combi | Papin · first_building Archery Range |
| 17:15 | Combi | Papin · wall_segment Palisade Wall x2 |
| 17:28 | Combi | Papin · wall_segment Palisade Wall x1 |
| 17:29 | Combi | Papin · wall_segment Palisade Wall x1 |
| 17:50 | Combi | Papin · wall_segment Palisade Wall x8 |
| 17:51 | Combi | Papin · wall_segment Palisade Wall x5 |
| 19:48 | Combi | Papin · wall_segment Palisade Wall x6 |
| 19:50 | Combi | Papin · wall_segment Palisade Wall x7 |
| 20:37 | _\/_ · wall_segment Palisade Wall x1 |
| 20:39 | _\/_ · wall_segment Palisade Wall x1 |
| 21:27 | Combi | Papin · wall_segment Palisade Wall x1 |
| 22:24 | Combi | Papin · wall_segment Palisade Wall x2 |
| 23:57 | Combi | Papin · first_market_buy 100 food |
| 24:22 | Combi | Papin · wall_segment Palisade Wall x1 |
| 24:23 | Combi | Papin · wall_segment Palisade Wall x1 |
| 24:23 | Combi | Papin · wall_segment Palisade Wall x1 |
| 24:24 | Combi | Papin · wall_segment Palisade Wall x1 |
| 24:32 | Combi | Papin · first_market_sell 100 wood |
| 25:31 | _\/_ · first_market_sell 100 stone |
| 25:34 | _\/_ · first_market_buy 100 food |
| 26:49 | Combi | Papin · wall_segment Palisade Wall x1 |
| 26:50 | Combi | Papin · wall_segment Palisade Wall x1 |
| 27:14 | _\/_ · wall_segment Palisade Wall x1 |
| 27:15 | _\/_ · wall_segment Palisade Wall x1 |
| 27:16 | _\/_ · wall_segment Palisade Wall x1 |
| 29:01 | _\/_ · age_up castle |
| 29:07 | _\/_ · first_building Siege Workshop |
| 30:18 | Combi | Papin · age_up castle |
| 30:26 | Combi | Papin · first_building Siege Workshop |
| 31:04 | _\/_ · first_building Monastery |
| 31:58 | Combi | Papin · wall_segment Palisade Wall x1 |
| 36:16 | Combi | Papin · first_building Castle |
| 39:14 | _\/_ · first_building Castle |
| 42:32 | Combi | Papin · age_up imperial |
| 45:02 | _\/_ · resign |
[ AI ANALYSIS · 1 CREDIT ]
What really happened in this match?
Wolo.gg analyzes every decision: build order, eco, micro, common mistakes by bracket. Personalized analysis on WhatsApp or Discord in 30 seconds.
Civ guide
Chinese
Perfil
Jugador #3025288